 Dungeon Crawl Stone Soup version 0.31-a0-232-gb1c03b2570 (webtiles) character file.

Game seed: 1274291490296174941

1047 qw the Skirmisher (level 8, -13/65 (68) HPs)
             Began as a Minotaur Hexslinger on July 7, 2023.
             Mangled by a wight
             ... wielding a +3 great sword
              (17 damage)
             ... on level 6 of the Dungeon.
             The game lasted 00:02:23 (6021 turns).

qw the Skirmisher (Minotaur Hexslinger)             Turns: 6021, Time: 00:02:24

HP:   -13/65 (68)   AC:  6    Str: 14    XL:     8   Next: 5%
MP:   0/8           EV: 11    Int: 10    God:
Gold: 380           SH:  0    Dex: 14    Spells: 8/9 levels left

rFire   . . .        Y - +0 orcbow
rCold   . . .        (shield currently unavailable)
rNeg    + . .        n - +0 ring mail
rPois   .            (helmet restricted)
rElec   .            (no cloak)
rCorr   .            (no gloves)
SInv    .            b - +0 pair of boots
Will    .....        a - amulet of guardian spirit
Stlth   +            p - ring of positive energy
HPRegen 0.30/turn    (no ring)
MPRegen 0.11/turn

%: guardian spirit
@: about to teleport, lightly drained
A: horns 2, retaliatory headbutt
a: no special abilities


You were on level 6 of the Dungeon.
You visited 1 branch of the dungeon, and saw 6 of its levels.
You also visited: Sewer and Ossuary.

You collected 380 gold pieces.


Innate Abilities, Weirdness & Mutations

You have a pair of horns on your head.
You reflexively headbutt those who attack you in melee.


   Skills:
 - Level 5.0 Fighting
 + Level 8.8 Ranged Weapons
 - Level 2.1 Armour
 - Level 3.4 Dodging
 - Level 1.0 Spellcasting
 - Level 2.0 Hexes


You had 8 spell levels left.
You knew the following spells:

 Your Spells              Type           Power      Damage    Failure   Level
a - Slow                  Hex            16%        N/A       30%         1

Your spell library contained the following spells:

 Spells                   Type           Power      Damage    Failure   Level
 Inner Flame              Hex/Fire       2%         N/A       80%         3
 Portal Projectile        Hex/Tloc       4%         N/A       80%         3
 Cause Fear               Hex            2%         N/A       96%         4

Inventory:

Hand Weapons
 Y - a +0 orcbow (weapon)
Armour
 b - a +0 pair of boots (worn)
 n - a +0 ring mail (worn)
Jewellery
 a - an amulet of guardian spirit (around neck)
 p - a ring of positive energy (left hand)
Scrolls
 d - a scroll of teleportation
 h - a scroll of identify
Potions
 e - a potion of might
 i - a potion of curing
 j - a potion of mutation
 k - a potion of haste
 l - a potion of cancellation {unknown}
 q - a potion of ambrosia {unknown}

Dungeon Overview and Level Annotations

Branches:
Dungeon (6/15)              Sewer (visited)         Ossuary (visited)
 Temple: D:4-7

Altars:
Qazlal
Xom
Zin

Annotations:
D:3 1 runed translucent door, Crazy Yiuf


Message History

You partially resist.
You feel drained.
Your life force feels restored.
You have reached level 8!
You feel stronger.
You shoot an arrow. The arrow closely misses the wight.
The arrow hits the orc but does no damage.
The wight misses you.
You shoot an arrow. The arrow barely misses the wight.
The arrow barely misses the orc.
The scorpion barely misses you. The wight completely misses you.
The scorpion barely misses you.
You shoot an arrow. The arrow hits the wight.
The wight is moderately damaged.
The scorpion stings you. The wight closely misses you.
You shoot an arrow.
The arrow hits the wight but does no damage.
The wight is moderately damaged.
The scorpion stings you but does no damage.
The wight hits you with a +3 great sword!
The scorpion barely misses you.
You shoot an arrow. The arrow closely misses the wight.
The wight hits you with a +3 great sword!
The scorpion stings you but does no damage.
You shoot an arrow. The arrow barely misses the wight.
The scorpion barely misses you.
The wight hits you with a +3 great sword!
You partially resist.
You feel drained. The scorpion barely misses you. You furiously retaliate!
You headbutt the scorpion, but do no damage.
The wight closely misses you. You furiously retaliate!
You headbutt the wight! The orc barely misses you.
6020 ||| READING 2 scrolls of teleportation.
As you read the scroll of teleportation, it crumbles to dust.
You feel strangely unstable. The scorpion closely misses you.
The wight hits you with a +3 great sword.
You partially resist.
You feel drained. The orc hits you with a +0 flail.
You shoot an arrow. The arrow barely misses the wight.
The scorpion barely misses you.
The wight hits you with a +3 great sword!!
You die...

###.#.. .. ....... ...
:...... #..# .......
##...# .......##.....##
...............#.
........z........
..(....@s.......
........o.....#
....!.........##........
...##..........##.......
.. ##........###.......
. #..........##.......
##........###.......
#.##.....####.......
...........#....#....


You could see a scorpion, a wight and an orc.

Vanquished Creatures
  Menkaure (Ossuary)
  Pargi (Sewer)
  A centaur (D:5)
  2 phantoms
  A kobold brigand (D:5)
  A bullfrog (D:5)
  2 wights (D:6)
  A hound (D:5)
  2 jellies (D:5)
  3 mummies (Ossuary)
  Robin (D:3)
  4 gnolls
  2 adders
  A river rat (D:3)
  A shadow imp (D:5)
  3 ufetubi (D:5)
  A worm (D:2)
  3 dart slugs
  4 orcs
  10 ball pythons
  7 endoplasms
  4 giant cockroaches
  4 gnoll zombies (Ossuary)
  12 goblins
  9 hobgoblins
  5 jackals (D:3)
  A quokka (D:2)
  7 bats
  4 frilled lizards
  4 gnoll skeletons (Ossuary)
  2 goblin skeletons (Ossuary)
  4 goblin zombies (Ossuary)
  4 hobgoblin skeletons (Ossuary)
  3 hobgoblin zombies (Ossuary)
  9 kobolds
  4 kobold skeletons (Ossuary)
  4 kobold zombies (Ossuary)
  An orc skeleton (Ossuary)
  7 orc zombies (Ossuary)
  6 rats
  10 rat skeletons (Ossuary)
  3 rat zombies (Ossuary)
159 creatures vanquished.

Notes
Turn   | Place    | Note
-------+----------+-------------------------------------------
     0 | D:1      | qw the Minotaur Hexslinger began the quest for the Orb.
     0 | D:1      | Reached XP level 1. HP: 16/16 MP: 1/1
     0 | D:1      | 0 ||| qw: Version: 0.3-a-46-gb1f654a
     0 | D:1      | 0 ||| qw: Game counter: 2595
     0 | D:1      | 0 ||| qw: Melee chars always use a shield: true
     0 | D:1      | 0 ||| qw: God list: Okawaru
     0 | D:1      | 0 ||| qw: Allow faded altars: false
     0 | D:1      | 0 ||| qw: Do Orc after clearing Dungeon:15 true
     0 | D:1      | 0 ||| qw: Do second Lair branch before Depths: true
     0 | D:1      | 0 ||| qw: Lair rune preference: random
     0 | D:1      | 0 ||| qw: Goals: Normal
     0 | D:1      | 0 ||| PLANNING D:1-11
   171 | D:1      | Reached skill level 3 in Ranged Weapons
   171 | D:1      | Reached XP level 2. HP: 23/23 MP: 2/2
   304 | D:1      | Reached XP level 3. HP: 29/29 MP: 3/3
   351 | D:1      | 351 ||| FLEEEEING.
   352 | D:1      | 352 ||| FLEEEEING.
   353 | D:1      | 353 ||| FLEEEEING.
   354 | D:1      | 354 ||| FLEEEEING.
   731 | D:1      | Found a faded altar of an unknown god.
   971 | D:1      | 971 ||| READING 2 scrolls labelled TAKOTEDWED.
   972 | D:1      | 972 ||| READING scroll labelled GIONYNLISOI.
   975 | D:1      | 975 ||| READING scroll labelled QYCLAMP DIUHIO.
   976 | D:1      | 976 ||| READING 2 scrolls labelled WEUSAE TONOXEM.
   977 | D:1      | 977 ||| DROPPING scroll of noise.
   978 | D:1      | 978 ||| DROPPING scroll of poison.
   979 | D:1      | 979 ||| DROPPING scroll of blinking.
  1141 | D:2      | Reached skill level 4 in Ranged Weapons
  1340 | D:2      | Found a glowing silver altar of Zin.
  1761 | D:2      | 1761 ||| UPGRADING to amulet of guardian spirit.
  1766 | D:2      | 1766 ||| READING scroll labelled JAASHR TUSCHAZ.
  1767 | D:2      | 1767 ||| READING scroll labelled EPASHOKHLO.
  1768 | D:2      | 1768 ||| READING 2 scrolls of identify.
  1768 | D:2      | 1768 ||| IDENTIFYING fuming coppery potion
  1769 | D:2      | 1769 ||| DROPPING potion of magic.
  1809 | D:3      | 1809 ||| PLANNING SEWER
  1847 | D:3      | Reached XP level 4. HP: 36/36 MP: 4/4
  2108 | D:3      | Found a runed translucent door.
  2109 | D:3      | Noticed Crazy Yiuf
  2335 | D:3      | Found a glowing drain.
  2336 | D:3      | 2336 ||| UPGRADING to +0 pair of boots.
  2349 | Sewer    | Entered a sewer
  2359 | Sewer    | 2359 ||| Stepping ~*~*~tactically~*~*~ (water).
  2365 | Sewer    | Noticed Pargi
  2366 | Sewer    | 2366 ||| Stepping ~*~*~tactically~*~*~ (water).
  2368 | Sewer    | 2368 ||| Stepping ~*~*~tactically~*~*~ (water).
  2379 | Sewer    | Killed Pargi
  2380 | Sewer    | Reached skill level 6 in Ranged Weapons
  2380 | Sewer    | Reached XP level 5. HP: 15/41 MP: 1/5
  2508 | Sewer    | 2508 ||| READING scroll of enchant weapon.
  2508 | Sewer    | 2508 ||| ENCHANTING +2 sling of draining.
  2545 | Sewer    | 2545 ||| Stepping ~*~*~tactically~*~*~ (water).
  2572 | Sewer    | 2572 ||| READING scroll labelled JOAPO QUKHLYL.
  2573 | Sewer    | 2573 ||| DRINKING 2 golden potions.
  2582 | D:3      | 2582 ||| PLANNING D:1-11
  2689 | D:3      | Noticed Robin
  2701 | D:3      | Killed Robin
  3007 | D:4      | 3007 ||| PLANNING OSSUARY
  3170 | D:4      | Reached skill level 3 in Fighting
  3187 | D:4      | Found a sand-covered staircase.
  3188 | D:4      | 3188 ||| UPGRADING to ring of positive energy.
  3189 | D:4      | 3189 ||| READING scroll labelled GELEXA FEWECK.
  3190 | D:4      | 3190 ||| READING scroll labelled VEPUSI RENUSE.
  3258 | Ossuary  | Entered an ossuary
  3287 | Ossuary  | 3287 ||| FLEEEEING.
  3288 | Ossuary  | 3288 ||| FLEEEEING.
  3289 | Ossuary  | 3289 ||| FLEEEEING.
  3290 | Ossuary  | 3290 ||| FLEEEEING.
  3291 | Ossuary  | 3291 ||| FLEEEEING.
  3292 | Ossuary  | 3292 ||| FLEEEEING.
  3507 | Ossuary  | 3507 ||| FLEEEEING.
  3509 | Ossuary  | 3509 ||| FLEEEEING.
  3510 | Ossuary  | 3510 ||| FLEEEEING.
  3511 | Ossuary  | 3511 ||| FLEEEEING.
  3512 | Ossuary  | 3512 ||| FLEEEEING.
  3513 | Ossuary  | 3513 ||| FLEEEEING.
  3514 | Ossuary  | 3514 ||| FLEEEEING.
  3515 | Ossuary  | 3515 ||| FLEEEEING.
  3516 | Ossuary  | 3516 ||| FLEEEEING.
  3517 | Ossuary  | 3517 ||| FLEEEEING.
  3518 | Ossuary  | 3518 ||| FLEEEEING.
  3519 | Ossuary  | 3519 ||| FLEEEEING.
  3520 | Ossuary  | 3520 ||| FLEEEEING.
  3521 | Ossuary  | 3521 ||| FLEEEEING.
  3522 | Ossuary  | 3522 ||| FLEEEEING.
  3523 | Ossuary  | 3523 ||| FLEEEEING.
  3524 | Ossuary  | 3524 ||| FLEEEEING.
  3531 | Ossuary  | 3531 ||| FLEEEEING.
  3614 | Ossuary  | 3614 ||| FLEEEEING.
  3615 | Ossuary  | 3615 ||| FLEEEEING.
  3616 | Ossuary  | 3616 ||| FLEEEEING.
  3676 | Ossuary  | 3676 ||| FLEEEEING.
  3677 | Ossuary  | 3677 ||| FLEEEEING.
  3678 | Ossuary  | 3678 ||| FLEEEEING.
  3679 | Ossuary  | 3679 ||| FLEEEEING.
  3680 | Ossuary  | 3680 ||| FLEEEEING.
  3697 | Ossuary  | 3697 ||| FLEEEEING.
  3715 | Ossuary  | 3715 ||| FLEEEEING.
  3716 | Ossuary  | 3716 ||| FLEEEEING.
  3717 | Ossuary  | 3717 ||| FLEEEEING.
  3740 | Ossuary  | Reached XP level 6. HP: 52/52 MP: 6/6
  3797 | Ossuary  | Noticed Menkaure
  3808 | Ossuary  | Killed Menkaure
  3866 | Ossuary  | 3866 ||| FLEEEEING.
  3867 | Ossuary  | 3867 ||| FLEEEEING.
  3868 | Ossuary  | 3868 ||| FLEEEEING.
  3869 | Ossuary  | 3869 ||| FLEEEEING.
  3870 | Ossuary  | 3870 ||| FLEEEEING.
  3882 | Ossuary  | 3882 ||| FLEEEEING.
  3883 | Ossuary  | 3883 ||| FLEEEEING.
  3896 | Ossuary  | 3896 ||| FLEEEEING.
  3897 | Ossuary  | 3897 ||| FLEEEEING.
  3898 | Ossuary  | 3898 ||| FLEEEEING.
  3899 | Ossuary  | 3899 ||| FLEEEEING.
  3981 | Ossuary  | 3981 ||| READING scroll of enchant weapon.
  3981 | Ossuary  | 3981 ||| ENCHANTING +3 sling of draining.
  3996 | Ossuary  | 3996 ||| READING scroll labelled AHOMUG NIUREFOLY.
  3997 | Ossuary  | 3997 ||| READING scroll labelled LENOAL OVVU.
  3998 | Ossuary  | 3998 ||| DRINKING 2 lumpy golden potions.
  3999 | Ossuary  | 3999 ||| DRINKING 2 smoky black potions.
  4000 | Ossuary  | 4000 ||| DRINKING 3 fizzy emerald potions.
  4001 | Ossuary  | 4001 ||| READING 3 scrolls of identify.
  4001 | Ossuary  | 4001 ||| IDENTIFYING smoky amethyst potion
  4002 | Ossuary  | 4002 ||| READING 2 scrolls of identify.
  4002 | Ossuary  | 4002 ||| IDENTIFYING fuming black potion
  4003 | Ossuary  | 4003 ||| DROPPING potion of attraction.
  4004 | Ossuary  | 4004 ||| DROPPING potion of brilliance.
  4005 | Ossuary  | 4005 ||| DROPPING 2 potions of degeneration.
  4006 | Ossuary  | 4006 ||| DROPPING potion of lignification.
  4011 | D:4      | 4011 ||| PLANNING D:1-11
  4214 | D:4      | Reached skill level 7 in Ranged Weapons
  4777 | D:4      | 4777 ||| READING 3 scrolls of identify.
  4777 | D:4      | 4777 ||| IDENTIFYING black potion
  4778 | D:4      | 4778 ||| READING 2 scrolls of identify.
  4778 | D:4      | 4778 ||| IDENTIFYING fuming silvery potion
  4793 | D:5      | Entered Level 5 of the Dungeon
  4907 | D:5      | Found a stormy altar of Qazlal.
  4915 | D:5      | HP: 9/52 [centaur/arrow (5)]
  4916 | D:5      | 4916 ||| READING 3 scrolls of teleportation.
  4917 | D:5      | 4917 ||| DRINKING potion of heal wounds.
  4920 | D:5      | Reached XP level 7. HP: 39/59 MP: 2/7
  5013 | D:5      | Reached skill level 8 in Ranged Weapons
  5037 | D:5      | Found a shimmering altar of Xom.
  5039 | D:5      | 5039 ||| Stepping ~*~*~tactically~*~*~ (outnumbered).
  5042 | D:5      | 5042 ||| Stepping ~*~*~tactically~*~*~ (outnumbered).
  5045 | D:5      | 5045 ||| Stepping ~*~*~tactically~*~*~ (outnumbered).
  5191 | D:5      | 5191 ||| UPGRADING to +0 leather armour.
  5293 | D:5      | 5293 ||| DROPPING +0 robe.
  5416 | D:5      | 5416 ||| SWAPPING to +0 orcbow.
  5417 | D:5      | 5417 ||| DROPPING +4 sling of draining.
  5504 | D:5      | Reached skill level 3 in Dodging
  5704 | D:5      | Found a glowing silver altar of Zin.
  5836 | D:5      | 5836 ||| UPGRADING to +0 ring mail.
  5846 | D:5      | 5846 ||| DROPPING +0 leather armour.
  5957 | D:5      | 5957 ||| READING scroll labelled ASUBEI OBOLADO.
  5958 | D:5      | 5958 ||| DRINKING 2 coppery potions.
  5959 | D:5      | 5959 ||| READING 2 scrolls of identify.
  5959 | D:5      | 5959 ||| IDENTIFYING clear potion
  5960 | D:5      | 5960 ||| DROPPING potion of invisibility.
  6014 | D:6      | Reached XP level 8. HP: 49/68 MP: 5/8
  6019 | D:6      | HP: 16/67 [wight/+3 great sword (3)]
  6020 | D:6      | 6020 ||| READING 2 scrolls of teleportation.
  6020 | D:6      | HP: 4/65 [orc/+0 flail (6)]
  6021 | D:6      | Mangled by a wight

Levels and vault maps discovered:
D:1:      eino_arrival_cavern_e, layout_basic, basic_ecumenical_altar,
          minmay_domino_4
D:2:      layout_loops_ring, basic_altar, hangedman_decor_points
D:3:      layout_basic, portal_sewer_entry_b, uniq_crazy_yiuf_cottage,
          uniq_robin
D:4:      layout_basic, nicolae_ossuary_entry_plus, nrook_mini_vaults
D:5:      layout_basic, grunt_qazlal_clouds, amcnicky_altar_gilded,
          mainiacjoe_overflow_tiny_flanked
D:6:      layout_cave_pools, uniq_pikel

Skill      XL: |  1  2  3  4  5  6  7 |
---------------+----------------------+-----
Ranged Weapons | 3 4 6 7 8 |  8.8
Fighting       | 2 3 4 5 |  5.0
Armour         | 2 |  2.1
Dodging        | 3 |  3.4
Spellcasting   | |  1.0
Hexes          | |  2.0

Action                     |  1- 3 |  4- 6 |  7- 9 || total
---------------------------+-------+-------+-------++-------
   Fire: Sling             |   114 |   258 |    44 ||   416
         Orcbow            |       |       |    61 ||    61
    Use: Scroll            |     7 |    12 |     3 ||    22
         Potion            |       |     5 |     1 ||     6
 Armour: Robe              |    10 |    16 |     4 ||    30
         Leather armour    |       |       |     9 ||     9
         Ring mail         |       |       |     7 ||     7
  Dodge: Dodged            |    25 |    60 |    58 ||   143

Table legend:
 A = Non-vault XP
 B = Vault XP
 C = Vault XP percentage of total XP
 D = Non-vault monster count
 E = Vault monster count
 F = Vault count percentage of total count
                 A         B        C        D         E       F
            +---------+---------+-------+---------+---------+-------
      Total |    1021 |     475 |  31.8 |      82 |      77 |  48.4
            +---------+---------+-------+---------+---------+-------
        D:1 |      54 |       2 |   3.6 |      22 |       1 |   4.3
        D:2 |      31 |       0 |   0.0 |      10 |       0 |   0.0
        D:3 |      26 |      53 |  67.1 |      16 |      16 |  50.0
        D:4 |     122 |       0 |   0.0 |       8 |       0 |   0.0
        D:5 |     638 |       0 |   0.0 |      22 |       0 |   0.0
        D:6 |     150 |       0 |   0.0 |       4 |       0 |   0.0
      Sewer |       0 |     139 | 100.0 |       0 |       6 | 100.0
    Ossuary |       0 |     281 | 100.0 |       0 |      54 | 100.0
            +---------+---------+-------+---------+---------+-------
